[Event "Early-Titled-Tuesday-Blitz-October-17-2023"]
[Site "Chess.com"]
[Date "2023.10.17"]
[Round "4"]
[White "sokidze"]
[Black "TimGrutter03"]
[Result "1-0"]
[WhiteElo "2784"]
[BlackElo "2552"]
[TimeControl "180+1"]
[EndTime "8:41:51 PDT"]
[Termination "sokidze won on time"]

1. d4 Nf6 2. c4 e6 3. Nf3 b6 4. g3 Ba6 5. Qa4 Bb7 6. Bg2 Be7 7. O-O O-O 8. Re1 a6 9. Qb3 d6 10. Nc3 Ne4 11. Bf4 Nd7 12. h4 Nxc3 13. Qxc3 Nf6 14.
Rad1 Ne4 15. Qc2 Qc8 16. d5 Nf6 17. e4 e5 18. Bc1 a5 19. b3 Qd7 20. Rf1 Bc8 21. Ne1 Nh5 22. Nd3 g6 23. Bh6 Re8 24. Qe2 Bf8 25. Bc1 Bg7 26. Bf3 Nf6 27. h5 gxh5 28.
Bxh5 Qh3 29. Bf3 Bg4 30. Rfe1 h5 31. Bg5 Bxf3 32. Qxf3 Qg4 33. Kg2 Qxg5 34. Rh1 Ng4 35.
Qe2 Rf8 36. Rh4 f5 37. Rdh1 fxe4 38. Qxe4 Rxf2+ 39. Nxf2 Qd2 40. Rxg4 hxg4 41. Qh7+ Kf8 42. Qf5+ Kg8 43. Qe6+ Kf8 44. Rh5 1-0

[Event "Early-Titled-Tuesday-Blitz-October-17-2023"]
[Site "Chess.com"]
[Date "2023.10.17"]
[Round "4"]
[White "campochess"]
[Black "jasonbolivar"]
[Result "1-0"]
[WhiteElo "2154"]
[BlackElo "2318"]
[TimeControl "180+1"]
[EndTime "8:41:53 PDT"]
[Termination "campochess won on time"]

1. Nf3 Nf6 2. b3 d5 3. Bb2 Bf5 4. d3 e6 5. g3 h6 6. Bg2 Nbd7 7. Nbd2 Be7 8. O-O O-O 9. c4 c6 10. Rc1 a5 11. a4 Bh7 12. Rc2 c5 13. e4 dxe4 14.
dxe4 Qc7 15. Qe2 e5 16. Nh4 Rfe8 17. Nf5 Bf8 18. Ne3 Rad8 19. Nd5 Nxd5 20. cxd5 b6 21.
Nc4 Nb8 22. Na3 Bd6 23. Nb5 Qe7 24. Rc3 Nd7 25. Rf3 Bg6 26. g4 Nf6 27. Rg3 Qd7 28.
h3 Rf8 29. Bf3 Ne8 30. h4 Be7 31. h5 Bh7 32. Bxe5 Bh4 33. Rg2 Bf6 34. Qb2 Qe7 35. Bxf6 Nxf6 36. d6 Qe6 37. e5 Ne4 38. Re1 Ng5 39. Bd1 Be4 40. Rg3 Bc6 41. Nc7 Qd7 42.
f4 Ne6 43. Nxe6 fxe6 44. Rf1 Rf7 45. Bc2 Rdf8 46. f5 Qb7 47. Rf4 Bd7 48. f6 1-0

[Event "Early-Titled-Tuesday-Blitz-October-17-2023"]
[Site "Chess.com"]
[Date "2023.10.17"]
[Round "4"]
[White "Nekoo04"]
[Black "C_K_G"]
[Result "1-0"]
[WhiteElo "2265"]
[BlackElo "1888"]
[TimeControl "180+1"]
[EndTime "8:41:53 PDT"]
[Termination "Nekoo04 won by resignation"]

1. d4 d5 2. Nf3 Nf6 3. c4 e6 4. g3 b6 5. Bg2 Bb7 6. cxd5 exd5 7. O-O Bd6 8. Nc3 a6 9. Ne5 O-O 10. Bg5 h6 11. Bxf6 gxf6 12. Ng4 h5 13. Ne3 c6 14. Nf5 Bc8 15. Nxd6 Qxd6 16. e4 Bg4 17. f3 Be6 18. Qd2 Kg7 19. e5 Qe7 20. f4 f5 21. Qe2 Rh8 22.
Bf3 h4 23. g4 fxg4 24. Bxg4 Bxg4 25. Qxg4+ Kf8 26. Kh1 Nd7 27. f5 Rg8 28. Qf3 Qb4 29. Nxd5 cxd5 30. Qxd5 Rd8 31. e6 Qe7 32. Rae1 Nf6 33.
Qe5 Ng4 34. f6 Nxe5 35. fxe7+ Kxe7 36. exf7 Rgf8 37. Rxe5+ Kd6 38. Rf6+ Kc7 39. Re7+ Kc8 40. Rc6+ Kb8 41. Rxb6+ Kc8 42. Rxa6 Kb8 43. d5 Rxd5 44. Re8+ Rd8 45. Rae6 Kc7 46. Rxd8 Kxd8 47. Re8+ Rxe8 48.
fxe8=Q+ Kxe8 49. Kg2 Kd7 50. Kh3 1-0

[Event "Early-Titled-Tuesday-Blitz-October-17-2023"]
[Site "Chess.com"]
[Date "2023.10.17"]
[Round "4"]
[White "pankajfm"]
[Black "ChainedDowntohell"]
[Result "0-1"]
[WhiteElo "2139"]
[BlackElo "2466"]
[TimeControl "180+1"]
[EndTime "8:41:55 PDT"]
[Termination "ChainedDowntohell won by resignation"]

1. e4 c5 2. c3 d5 3. exd5 Qxd5 4.
d4 g6 5. Nf3 cxd4 6. Qxd4 Qxd4 7. Nxd4 Bg7 8. Be3 a6 9. Nd2 Nf6 10. N2f3 Nd5 11. Bd2 Bd7 12. Bc4 Nb6 13. Bb3 Nc6 14.
Be3 Na5 15. Bc2 Nac4 16. Bc1 Rc8 17. b3 Nd6 18. Bd2 e5 19. Ne2 O-O 20. Rd1 Bg4 21.
Be3 Rc6 22. c4 Nf5 23. Be4 Nxe3 24. fxe3 Rc7 25. h3 Bc8 26. Nc3 f5 27. Bb1 e4 28.
Nd4 Re8 29. Nd5 Nxd5 30. cxd5 Bd7 31. O-O Rc3 32. Kf2 Rec8 33. Ne2 R3c5 34. Nf4 Kf7 35. Rd2 Be5 36. g3 Ke7 37. Rfd1 Kd6 38. a3 Rc3 39.
Ba2 Rc2 40. Ne2 Bb5 41. Nd4 Bxd4 42. exd4 Kxd5 43. b4+ Kd6 44. Bb3 Rxd2+ 45. Rxd2 Rc3 46. Ba2 e3+ 0-1

[Event "Early-Titled-Tuesday-Blitz-October-17-2023"]
[Site "Chess.com"]
[Date "2023.10.17"]
[Round "4"]
[White "GothamChess"]
[Black "andrzej"]
[Result "0-1"]
[WhiteElo "2683"]
[BlackElo "2478"]
[TimeControl "180+1"]
[EndTime "8:41:55 PDT"]
[Termination "andrzej won on time"]

1. d4 d5 2. Bg5 f6 3. Bh4 c5 4. dxc5 e5 5. e4 dxe4 6. Nc3 e3 7. fxe3 Qxd1+ 8. Rxd1 Bxc5 9. Nd5 Bb6 10. Nxb6 axb6 11.
Bc4 Ke7 12. Nf3 Be6 13. Bxe6 Kxe6 14. Rd8 Rxa2 15. O-O Nc6 16. Rf8 Rxb2 17. Ra1 Rxc2 18. Raa8 Nce7 19. Rab8 Rc7 20. e4 h5 21. Bf2 Rc1+ 22. Ne1 Rh6 23. Rxb7 Rg6 24. Rxb6+ Kd7 25. Kf1 Nh6 26. h3 f5 27. Rb7+ Ke6 28. Bh4 Nhg8 29. Ke2 fxe4 30. g3 Rc3 31. Kd2 Ra3 32. Nc2 Ra2 33. Kc3 e3 34. Nxe3 Nd5+ 35. Nxd5 Kxd5 36. Rxg8 e4 37. Rd8+ Kc6 38. Re7 Kb6 39. Rxe4 Rc6+ 40. Rc4 Rc2+ 41. Kxc2 Rxc4+ 42. Kd3 Rc1 43. Ke2 Rg1 44.
Rd7 g5 45. Bxg5 Rxg3 46. Be3+ Kc6 47. Rh7 Rxh3 0-1

[Event "Early-Titled-Tuesday-Blitz-October-17-2023"]
[Site "Chess.com"]
[Date "2023.10.17"]
[Round "4"]
[White "Magila31"]
[Black "SashaKuzhilniy"]
[Result "0-1"]
[WhiteElo "2378"]
[BlackElo "2624"]
[TimeControl "180+1"]
[EndTime "8:41:57 PDT"]
[Termination "SashaKuzhilniy won by resignation"]

1. d4 g6 2. c4 Bg7 3. Nf3 d6 4. Nc3 Nf6 5. e4 O-O 6. Be2 Nbd7 7. O-O e5 8. Be3 Qe7 9. d5 c5 10. Nd2 Kh8 11. a3 Ng8 12. b4 b6 13. Nb3 Bh6 14. Qd2 Bxe3 15. Qxe3 f5 16. exf5 gxf5 17. f4 e4 18. g4 fxg4 19. Bxg4 Ndf6 20. Bxc8 Raxc8 21. Nd2 Rce8 22. bxc5 bxc5 23. Rae1 Nh6 24. Ncxe4 Nf5 25. Qc3 Nd4 26. Ng5 Ne2+ 27. Rxe2 Qxe2 28. Ndf3 Qe3+ 29.
Qxe3 Rxe3 30. Kf2 Rxa3 31. Ne6 Ne4+ 32. Ke2 Rg8 33. Nfg5 Ra2+ 34. Ke3 Nxg5 35. fxg5 Rxh2 36. Ra1 h6 37. Rxa7 hxg5 38. Rd7 g4 39. Nf4 g3 40. Rxd6 g2 41. Nxg2 Rhxg2 42. Rc6 R2g3+ 43. Ke4 R8g4+ 44. Ke5 Rxc4 45. d6 Re3+ 46. Kd5 Rc1 47. Rc8+ Kg7 48. Kc6 Rd3 49. d7 Rcd1 50. Rc7 Rxd7 51. Rxd7+ Rxd7 0-1

[Event "Early-Titled-Tuesday-Blitz-October-17-2023"]
[Site "Chess.com"]
[Date "2023.10.17"]
[Round "4"]
[White "Payyappat"]
[Black "Ariadna_Atreides"]
[Result "1/2-1/2"]
[WhiteElo "2472"]
[BlackElo "2204"]
[TimeControl "180+1"]
[EndTime "8:41:57 PDT"]
[Termination "Game drawn by stalemate"]

1. e4 c6 2. d4 d5 3. Nc3 dxe4 4. Nxe4 Nf6 5. Nxf6+ exf6 6. Bc4 Bd6 7. Qe2+ Qe7 8.
Qxe7+ Kxe7 9. Ne2 Re8 10. Be3 Be6 11. Bd3 g6 12. O-O-O a5 13. c4 Na6 14. Rhe1 Nb4 15.
d5 cxd5 16. c5 Rec8 17. Nc3 Bxc5 18. Bxc5+ Rxc5 19. Kb1 Kf8 20. Ka1 Nxd3 21. Rxd3 b5 22. Red1 Rd8 23. Ne4 Rc2 24. R3d2 Rxd2 25. Rxd2 Rc8 26.
Nc3 b4 27. Ne2 d4 28. Kb1 Bf5+ 29. Ka1 d3 30. a3 dxe2 31. Rxe2 b3 32. Re1 Rc2 33.
Rf1 a4 34. g3 Bd3 35. Rd1 Rxf2 36. h4 Bc2 37. Re1 f5 38. g4 fxg4 39. h5 gxh5 40.
Re8+ Kg7 41. Rg8+ Kf6 42. Rg6+ Ke5 43. Re6+ Kf4 44. Re4+ Kg3 45. Rxg4+ Kh3 46. Rh4+ Kg2 47. Rh2+ Kg1 48. Rh1+ Kg2 49. Rg1+ Kxg1 1/2-1/2

[Event "Early-Titled-Tuesday-Blitz-October-17-2023"]
[Site "Chess.com"]
[Date "2023.10.17"]
[Round "4"]
[White "ozates"]
[Black "Zhigalko_Sergei"]
[Result "0-1"]
[WhiteElo "2754"]
[BlackElo "2940"]
[TimeControl "180+1"]
[EndTime "8:41:58 PDT"]
[Termination "Zhigalko_Sergei won on time"]

1. e4 c5 2. Nf3 Nc6 3. Bb5 Nf6 4.
Nc3 Qc7 5. d3 d6 6. O-O e6 7.
Re1 Bd7 8. h3 Be7 9. Bf4 O-O 10.
e5 dxe5 11. Nxe5 Nxe5 12. Bxe5 Qc8 13. Qf3 Bxb5 14. Nxb5 Qd7 15. Nc3 Rfd8 16. Qg3 Nh5 17. Qg4 Nf6 18. Qg3 Ne8 19. Ne4 Kh8 20. b3 f6 21. Bb2 b6 22. h4 Qd5 23. Qf3 e5 24. h5 h6 25. Rad1 Nc7 26. Qg4 Ne6 27. Ng3 Bf8 28. Nf5 Qd7 29. Re4 Qf7 30. g3 Rd5 31.
Rde1 Ng5 32. R4e3 Qd7 33. Kg2 Rd8 34. Bc3 Qb7 35. Kg1 Qd7 36. Bb2 b5 37. Bc1 c4 38.
bxc4 bxc4 39. dxc4 Rd1 40. Kh2 Bc5 41. Rxd1 Qxd1 42.
Qxd1 Rxd1 43. Rd3 Rxc1 44. Nh4 Rxc2 45. Rd8+ Kh7 46. Ng6 Nf7 47. Rd7 Rxf2+ 48. Kh3 Kg8 0-1

[Event "Early-Titled-Tuesday-Blitz-October-17-2023"]
[Site "Chess.com"]
[Date "2023.10.17"]
[Round "4"]
[White "GP9isback23"]
[Black "vladislavkovalev"]
[Result "1/2-1/2"]
[WhiteElo "2666"]
[BlackElo "2866"]
[TimeControl "180+1"]
[EndTime "8:41:58 PDT"]
[Termination "Game drawn by repetition"]

1. d4 Nf6 2. Nf3 e6 3. c4 b6 4.
e3 Bb7 5. Be2 Bb4+ 6. Bd2 Bxd2+ 7. Qxd2 O-O 8. Nc3 Ne4 9. Nxe4 Bxe4 10. O-O d6 11. Rfd1 Nd7 12. Qc3 f5 13. Nd2 Bb7 14. Bf3 Bxf3 15. Nxf3 Qf6 16. Rac1 Rae8 17. b4 e5 18.
dxe5 Nxe5 19. Nxe5 Rxe5 20. g3 g5 21. Rd5 Rfe8 22.
c5 dxc5 23. bxc5 Qe6 24. Rxe5 Qxe5 25. cxb6 cxb6 26. Qb3+ Qe6 27. Qb5 Rd8 28. a4 g4 29.
a5 Rd5 30. Rc8+ Kf7 31. Rc7+ Kg6 32. Qc4 Qe5 33. Rc6+ Kh5 34. axb6 axb6 35. Rxb6 Rd7 36. Kg2 Rc7 37. Qf4 Qd5+ 38. e4 Qxe4+ 39. Qxe4 fxe4 40.
Re6 Rc4 41. Re5+ Kg6 42. Re6+ Kg5 43. Ra6 h5 44. Ra5+ Kg6 45. Ra6+ Kg5 46. Ra5+ Kf6 47. Ra6+ Kf5 48. Ra5+ Kg6 49. Ra6+ Kg7 50. Ra5 Kh6 51. Ra6+ Kg5 1/2-1/2

[Event "Early-Titled-Tuesday-Blitz-October-17-2023"]
[Site "Chess.com"]
[Date "2023.10.17"]
[Round "4"]
[White "GMKrikor"]
[Black "DanielTitichoca"]
[Result "1-0"]
[WhiteElo "2815"]
[BlackElo "2570"]
[TimeControl "180+1"]
[EndTime "8:41:58 PDT"]
[Termination "GMKrikor won by resignation"]

1. Nf3 c5 2. c4 Nc6 3. Nc3 g6 4.
d4 cxd4 5. Nxd4 Bg7 6. e3 Nf6 7. Nc2 O-O 8. e4 d6 9. Be2 Nd7 10. Be3 a5 11. Qd2 Nc5 12. f3 a4 13.
O-O Qa5 14. Na3 Be6 15. Rfd1 Rfc8 16. Rac1 Ne5 17. Nd5 Bxd5 18. Qxa5 Rxa5 19. cxd5 Rb8 20. Nb5 Ned3 21. Bxd3 Nxd3 22. Rxd3 Rxb5 23. b3 axb3 24. Rxb3 Rxb3 25. axb3 h5 26. Rc7 Bf6 27. Kf1 b5 28.
Ke2 b4 29. Kd3 Kf8 30. Kc4 Ke8 31. Ba7 Ra8 32. Kb5 Kd8 33. Kc6 Be5 34. Rd7+ Ke8 35. Rb7 Rc8+ 36. Rc7 Ra8 37. Kb7 Rd8 38. h3 Bc3 39.
Bb6 e6 40. Rc8 Rxc8 41. Kxc8 exd5 42. exd5 Ke7 43. Kc7 Be5 44. Ba5 f5 45. Bxb4 g5 46.
Bd2 g4 47. b4 gxh3 48. gxh3 Kf6 49. f4 Bd4 50. Kxd6 1-0

[Event "Early-Titled-Tuesday-Blitz-October-17-2023"]
[Site "Chess.com"]
[Date "2023.10.17"]
[Round "4"]
[White "dodoucb"]
[Black "supereagles1201"]
[Result "1-0"]
[WhiteElo "2544"]
[BlackElo "2358"]
[TimeControl "180+1"]
[EndTime "8:41:59 PDT"]
[Termination "dodoucb won on time"]

1. d4 d5 2. c4 e6 3. Nc3 a6 4.
e4 dxe4 5. Nxe4 Bb4+ 6. Nc3 c5 7. Be3 cxd4 8. Qxd4 Qxd4 9. Bxd4 Nf6 10. a3 Be7 11. Nf3 Nc6 12. Bb6 Nd7 13. Be3 Bc5 14. Bf4 f6 15. Ne4 e5 16. Nxc5 Nxc5 17. Be3 Nb3 18. Rd1 Be6 19. Be2 Ke7 20. O-O Rhd8 21. Bb6 Rxd1 22.
Rxd1 Rc8 23. h3 Nca5 24. Nd2 Nxd2 25. Bxa5 Nxc4 26. Bb4+ Kf7 27. b3 a5 28. Bxc4 axb4 29. Rd7+ Ke8 30. Bxe6 bxa3 31. Rd2 Ra8 32. b4 Ke7 33. Bb3 Ra6 34. b5 Ra5 35. Bc4 Ra4 36.
Rc2 Rb4 37. Kh2 Rb2 38. Rc3 Rxf2 39. Rxa3 Rc2 40. Bd5 b6 41. Ra7+ Kd6 42. Bc6 g5 43.
Rxh7 Rc4 44. Rd7+ Ke6 45. Rb7 e4 46. Rxb6 Ke5 47. Rb8 Kf4 48. Re8 f5 49. Re6 Rb4 50. Rf6 Rb2 51. Bd7 Ke3 52. Rxf5 Kd3 53. Rxg5 e3 54. Bf5+ Kd2 55. Bg4 e2 56. Rd5+ Kc3 57. Re5 Rxb5 58. Rxe2 Kd3 59. Rf2 Ke3 60. Rf3+ Ke4 61.
Kg3 1-0

[Event "Early-Titled-Tuesday-Blitz-October-17-2023"]
[Site "Chess.com"]
[Date "2023.10.17"]
[Round "4"]
[White "Mikhail_Golubev"]
[Black "novocane"]
[Result "0-1"]
[WhiteElo "2570"]
[BlackElo "2413"]
[TimeControl "180+1"]
[EndTime "8:42:02 PDT"]
[Termination "novocane won on time"]

1. e4 c5 2. Nf3 Nc6 3. Nc3 e5 4. Bc4 Be7 5. d3 d6 6. Nd2 Bg5 7. h4 Bh6 8. Nf1 Bxc1 9. Rxc1 Nf6 10. Ne3 O-O 11. g4 Be6 12. g5 Ne8 13. Qf3 Nd4 14.
Qg3 Qa5 15. Kf1 b5 16. Bd5 Rc8 17. h5 b4 18. Nc4 Qd8 19. Ne2 Nc7 20. Nxd4 cxd4 21.
g6 h6 22. gxf7+ Rxf7 23. Bxe6 Nxe6 24. Qg4 Nf4 25. Nxd6 Rcc7 26. Nxf7 Rxf7 27. f3 Qa5 28. Qc8+ Kh7 29. Qe8 Rf6 30. Kf2 Qxa2 31. Qxe5 Qxb2 32.
Kg3 Ne2+ 33. Kf2 Nxc1 34. f4 Qxc2+ 35. Kg3 Qxd3+ 36. Kh4 Ne2 37. f5 Qf3 38. Rg1 Qf4+ 39. Qxf4 Nxf4 40. Ra1 d3 41. Kg4 Ne2 42. Rd1 Rd6 43.
e5 Rd8 44. e6 Kg8 45. f6 gxf6 46. Kf5 Nd4+ 47. Kxf6 Nxe6 48. Kxe6 d2 49. Ke7 Rd3 50. Rg1+ Kh7 51. Kf8 Rf3+ 52. Ke7 b3 0-1

[Event "Early-Titled-Tuesday-Blitz-October-17-2023"]
[Site "Chess.com"]
[Date "2023.10.17"]
[Round "4"]
[White "HamedWafa4"]
[Black "sorch29"]
[Result "1-0"]
[WhiteElo "2608"]
[BlackElo "2403"]
[TimeControl "180+1"]
[EndTime "8:42:02 PDT"]
[Termination "HamedWafa4 won by resignation"]

1. Nf3 d5 2. g3 Nf6 3. Bg2 Bf5 4. O-O e6 5. c4 c6 6. cxd5 Bxb1 7. Rxb1 exd5 8. d3 Be7 9. b4 a6 10. a4 O-O 11. Qb3 Nbd7 12. Bb2 Re8 13. Rfc1 Bd6 14. e3 Ne5 15. b5 axb5 16. axb5 Nxf3+ 17. Bxf3 Rc8 18. bxc6 bxc6 19. Qb7 Rc7 20. Qb6 Nd7 21. Qa5 Qa8 22.
Qd2 Be5 23. d4 Bd6 24. Ra1 Qb8 25. Rcb1 Rb7 26. Qc2 Qc7 27. Bc3 Rxb1+ 28. Qxb1 Rb8 29. Qf5 g6 30. Qc2 Kg7 31. Ba5 Qb7 32. Rc1 Ra8 33. Be1 Nb8 34. h4 f5 35. h5 Ra6 36.
hxg6 hxg6 37. Rb1 Rb6 38. Ra1 Ra6 39. Rb1 Rb6 40. Rc1 Ra6 41. Kg2 Rb6 42. g4 Qd7 43.
gxf5 gxf5 44. Ba5 Rb7 45. Rg1 Kf6 46. Kf1 Qh7 47. Bd2 Rg7 48. Rxg7 Qxg7 49. Ke2 Qb7 50. Bc3 Qb5+ 51. Kd2 Nd7 52. Be2 Qb7 53. Bd3 f4 54. e4 dxe4 55. Bxe4 Ke7 56. Bf3 Nf6 57. Qg6 Qc8 58.
Qg7+ Ke6 59. d5+ cxd5 60. Qxf6+ Kd7 61. Bg4+ 1-0

[Event "Early-Titled-Tuesday-Blitz-October-17-2023"]
[Site "Chess.com"]
[Date "2023.10.17"]
[Round "4"]
[White "AleksanderHnydiuk"]
[Black "zsoltkorpics"]
[Result "1-0"]
[WhiteElo "2514"]
[BlackElo "2332"]
[TimeControl "180+1"]
[EndTime "8:42:02 PDT"]
[Termination "AleksanderHnydiuk won by resignation"]

1. d4 Nf6 2. c4 e6 3. Nc3 Bb4 4. f3 c5 5. d5 b5 6. e4 O-O 7. Ne2 bxc4 8. a3 Ba5 9. Nf4 e5 10. Nh3 d6 11. Nf2 Bxc3+ 12. bxc3 Qa5 13. Qc2 Ba6 14.
Be2 Nbd7 15. O-O Rab8 16. Nd1 Rb3 17. Bd2 Rxa3 18. Rxa3 Qxa3 19. Ne3 Rb8 20. Nxc4 Qb3 21. Qxb3 Rxb3 22. Ra1 Bxc4 23. Bxc4 Rb7 24. Kf2 Nb6 25.
Bb5 Kf8 26. Ke2 Ke7 27. Bc6 Rc7 28. Kd3 Nfd7 29. c4 Nb8 30. Bb5 a6 31. Ba4 Nxa4 32. Rxa4 Rb7 33. Kc2 g6 34. f4 f6 35. g4 exf4 36.
Bxf4 g5 37. Bd2 h6 38. Bc3 Kf7 39. Ra1 Rb6 40. h4 Nd7 41. hxg5 hxg5 42. Ba5 Rb7 43. Rh1 Ne5 44. Rh7+ Kg6 45. Rxb7 Nxc4 46. Bc3 Ne3+ 47. Kd3 Nxg4 48. Rb6 Nf2+ 49. Ke3 Nd1+ 50. Kd2 Nxc3 51.
Kxc3 g4 52. Kd2 Kg5 53. Ke3 g3 54. Kf3 f5 55. exf5 Kxf5 56. Rxd6 Ke5 57. Rd8 c4 58. Kxg3 c3 59. Rc8 Kxd5 60. Rxc3 a5 1-0

[Event "Early-Titled-Tuesday-Blitz-October-17-2023"]
[Site "Chess.com"]
[Date "2023.10.17"]
[Round "4"]
[White "Felix-Rose"]
[Black "PabloZarnicki"]
[Result "0-1"]
[WhiteElo "2320"]
[BlackElo "2512"]
[TimeControl "180+1"]
[EndTime "8:42:02 PDT"]
[Termination "PabloZarnicki won by resignation"]

1. e4 e5 2. Nf3 Nf6 3. Nxe5 d6 4.
Nf3 Nxe4 5. Nc3 Nf6 6. d4 Be7 7. Bd3 O-O 8. h3 Nc6 9. O-O Nb4 10. d5 Nxd3 11. Qxd3 Re8 12. Bg5 h6 13. Bd2 Bd7 14. a4 c6 15. Rfe1 Rc8 16. Bf4 cxd5 17. Nxd5 Nxd5 18.
Qxd5 Bc6 19. Qb3 Bf6 20. Rxe8+ Qxe8 21. Bxd6 Be4 22. Re1 Qc6 23. Be5 Bxc2 24. Qe3 Re8 25. Qf4 Qxa4 26. b4 Bd8 27. Qg4 Bg6 28. h4 f6 29. Bc3 Rxe1+ 30. Bxe1 Qe8 31. Qc8 Be4 32. Nd2 Bc6 33. Kf1 Be7 34. Qxe8+ Bxe8 35. Ne4 Bb5+ 36. Kg1 Kf7 37. Nc5 b6 38. Ne4 Ke6 39. Nc3 Bc4 40. b5 Bb4 41. f3 Bxc3 42. Bxc3 Bxb5 43. Kf2 a5 44. Bd4 a4 45. Bxb6 a3 46. Bd4 a2 47.
Ke3 Kd5 48. Ba1 Kc4 49. Kd2 Kb3 50. Kc1 h5 51. g3 g5 52. hxg5 fxg5 53. f4 h4 54. fxg5 h3 55. g6 h2 56. g7 Bc4 0-1

[Event "Early-Titled-Tuesday-Blitz-October-17-2023"]
[Site "Chess.com"]
[Date "2023.10.17"]
[Round "4"]
[White "Sadykov_Ramil"]
[Black "secretsuperstar7"]
[Result "1-0"]
[WhiteElo "2609"]
[BlackElo "2446"]
[TimeControl "180+1"]
[EndTime "8:42:03 PDT"]
[Termination "Sadykov_Ramil won by resignation"]

1. d4 Nf6 2. Nc3 b6 3. e4 Bb7 4.
e5 Nd5 5. Nce2 c5 6. c4 Nc7 7.
d5 d6 8. exd6 exd6 9. Nc3 Be7 10.
Nf3 O-O 11. Be2 Ne8 12. O-O Nf6 13. h3 Nbd7 14. Bf4 a6 15. a4 Re8 16. Bd3 Bf8 17.
Qc2 h6 18. g4 Ne5 19. Nxe5 dxe5 20. Bg3 Bd6 21. Rae1 Qc7 22. Bh4 e4 23. Nxe4 Nxe4 24. Bxe4 b5 25. Kg2 bxc4 26. Qxc4 a5 27. Qc2 Ba6 28.
Bd3 c4 29. Be2 Qb7 30. Bf3 c3 31. bxc3 Bxf1+ 32. Rxf1 Rab8 33. c4 Qb4 34. Rc1 Bc5 35. Bg3 Rbd8 36. h4 Re1 37. Rxe1 Qxe1 38. g5 hxg5 39. hxg5 Qe7 40. g6 Bd6 41. Qf5 fxg6 42. Qxg6 Bxg3 43. fxg3 Rb8 44. Bg4 Rb2+ 45. Kh3 Qf6 46.
Be6+ Kf8 47. Qxf6+ gxf6 48. c5 Ke7 49. Bf5 Rb4 50.
d6+ Kd8 51. c6 Rc4 52. c7+ Rxc7 53. dxc7+ Kxc7 54. Kg4 Kd6 55. Kh5 Kc5 56. g4 Kb4 57. Bd7 1-0

[Event "Early-Titled-Tuesday-Blitz-October-17-2023"]
[Site "Chess.com"]
[Date "2023.10.17"]
[Round "4"]
[White "LeoLV10"]
[Black "GMSrinath"]
[Result "1-0"]
[WhiteElo "2591"]
[BlackElo "2847"]
[TimeControl "180+1"]
[EndTime "8:42:05 PDT"]
[Termination "LeoLV10 won by checkmate"]

1. e4 c5 2. Nf3 d6 3. d4 cxd4 4. Nxd4 Nf6 5. Nc3 Nc6 6. Bg5 e6 7. Qd3 Bd7 8. O-O-O a6 9. f4 Be7 10. Be2 O-O 11. g4 Rc8 12. Nxc6 Bxc6 13. Bf3 Qa5 14. Kb1 Rfd8 15. h4 b5 16. Ne2 b4 17. Nd4 Be8 18. Nb3 Qb6 19. Bxf6 Bxf6 20. g5 Be7 21. f5 e5 22. Bg4 Bf8 23. h5 a5 24.
Nd2 Qc5 25. Nf3 a4 26. f6 Rc7 27. fxg7 Bxg7 28. Bf5 b3 29. cxb3 Bb5 30. Qd2 axb3 31. Rc1 Qa7 32. a3 d5 33. g6 Rxc1+ 34. Rxc1 h6 35. Qb4 Bd3+ 36. Ka1 dxe4 37. gxf7+ Qxf7 38. Qb6 Re8 39. Nh4 Qf6 40. Qxb3+ Qf7 41. Qc3 Rf8 42. Bg6 Qe7 43. Nf5 Qg5 44. Qb3+ Kh8 45. Rd1 Bf6 46. Nd6 Be7 47. Nf7+ Rxf7 48. Qxf7 Qg4 49.
Qh7# 1-0

[Event "Early-Titled-Tuesday-Blitz-October-17-2023"]
[Site "Chess.com"]
[Date "2023.10.17"]
[Round "4"]
[White "DrCeltic"]
[Black "Me_ch_an"]
[Result "1/2-1/2"]
[WhiteElo "2562"]
[BlackElo "2367"]
[TimeControl "180+1"]
[EndTime "8:42:07 PDT"]
[Termination "Game drawn by repetition"]

1. e4 c5 2. Nf3 Nc6 3. d4 cxd4 4. Nxd4 Qb6 5. Nb3 Nf6 6. Nc3 e6 7. Be3 Qc7 8. Bd3 a6 9. f4 d6 10. Qf3 b5 11. O-O-O Bb7 12. Kb1 Be7 13. g4 O-O 14.
g5 Nd7 15. h4 Nb4 16. h5 f5 17. gxf6 Bxf6 18. Nd4 Nc5 19. a3 Nbxd3 20. cxd3 Bxd4 21.
Bxd4 e5 22. Bxc5 dxc5 23. f5 Rf6 24. h6 gxh6 25. Rhg1+ Kh8 26. Rc1 Rd8 27. Qg3 Rff8 28. Nd5 Bxd5 29. Rxc5 Qe7 30. Rxd5 Rxd5 31. exd5 Qf6 32. d6 Rd8 33. Ka1 h5 34. d7 h4 35.
Qg4 h3 36. Qxh3 Rxd7 37. Qh5 Re7 38. Qg4 Rg7 39. Qd1 Rxg1 40. Qxg1 Qxf5 41. Qc5 h5 42. Qe7 Qf1+ 43. Ka2 Qf5 44. Qd8+ Kg7 45. Qa8 Qxd3 46. Qb7+ Kg6 47. Qxa6+ Kg5 48. Qb7 Qc4+ 49. Ka1 h4 50.
Qg7+ Kf5 51. Qh7+ Kg4 52. Qg7+ Kf5 53. Qh7+ Kg4 54. Qg7+ Kf5 1/2-1/2

[Event "Early-Titled-Tuesday-Blitz-October-17-2023"]
[Site "Chess.com"]
[Date "2023.10.17"]
[Round "4"]
[White "mary-sanna"]
[Black "GMSAGOR"]
[Result "0-1"]
[WhiteElo "2177"]
[BlackElo "2467"]
[TimeControl "180+1"]
[EndTime "8:42:09 PDT"]
[Termination "GMSAGOR won by resignation"]

1. d4 Nf6 2. c4 e6 3. Nf3 Bb4+ 4. Nbd2 d5 5. g3 O-O 6. Bg2 c6 7. O-O Nbd7 8. a3 Bd6 9. Qc2 a5 10. b3 b6 11. e4 dxe4 12. Nxe4 Nxe4 13. Qxe4 Bb7 14.
Bb2 Nf6 15. Qe2 Re8 16. Rad1 Qc7 17. Rfe1 c5 18. dxc5 Bxc5 19. Bxf6 gxf6 20. Qb2 Qe7 21. b4 axb4 22. axb4 Bxb4 23. Re3 Bc5 24. Red3 Rad8 25.
Qb5 Rxd3 26. Rxd3 Rd8 27. Qb1 f5 28. Ne5 Bxg2 29. Kxg2 Qb7+ 30. Kg1 Rd4 31. Qd1 Qe4 32. Rxd4 Bxd4 33. Nc6 Bxf2+ 34. Kxf2 Qxc6 35. Qd8+ Kg7 36. Qg5+ Kf8 37. Qd8+ Qe8 38. Qxb6 Qa8 39. Qd6+ Kg7 40. Qe5+ Kg6 41. Qd4 Qa2+ 42. Kf3 Qxh2 43. c5 Qh1+ 44. Ke2 Qg2+ 45. Kd1 Qf3+ 46. Kc2 Qxg3 47. Qd6 Qxd6 48. cxd6 Kf6 49. Kd3 e5 50. Kc4 Ke6 51. Kc5 Kd7 52. Kd5 e4 53. Ke5 e3 54. Kxf5 e2 55. Kf6 e1=Q 0-1

[Event "Early-Titled-Tuesday-Blitz-October-17-2023"]
[Site "Chess.com"]
[Date "2023.10.17"]
[Round "4"]
[White "Manukyan_Artak"]
[Black "Aswathchess"]
[Result "0-1"]
[WhiteElo "2482"]
[BlackElo "2654"]
[TimeControl "180+1"]
[EndTime "8:42:10 PDT"]
[Termination "Aswathchess won on time"]

1. e4 g6 2. d4 Bg7 3. c4 d6 4. Nc3 Nc6 5. Be3 e5 6. d5 Nd4 7. Nge2 c5 8. dxc6 Nxc6 9. Nd5 Nge7 10. Qd2 O-O 11. Bh6 Bxh6 12. Qxh6 Nxd5 13. cxd5 Nb4 14. Qd2 Qb6 15. a3 Na6 16. b4 f5 17. Nc3 fxe4 18. Nxe4 Bf5 19. Ng3 Rac8 20. Nxf5 Rxf5 21. Bd3 Rf4 22. O-O Nc7 23. Rac1 Rcf8 24. g3 Rd4 25. Qc2 Nxd5 26. Bc4 Kg7 27. Bxd5 Rxd5 28. Qc7+ Rf7 29. Qxb6 axb6 30. Rfd1 Rxd1+ 31. Rxd1 Rd7 32. Rd5 Kf6 33.
Kf1 Kf5 34. Ke2 Ke4 35. Rb5 d5 36. Rxb6 Rc7 37. f3+ Kd4 38. Kd2 Rf7 39. Ke2 g5 40. a4 Rc7 41. Kd2 Kc4 42. a5 g4 43. fxg4 d4 44.
Re6 Kd5 45. Re8 e4 46. Rd8+ Kc4 47. Re8 e3+ 48. Ke2 Rf7 49. Rc8+ Kxb4 50. Kd3 Re7 51. Rc1 Rd7 52. g5 Kxa5 53. h4 b5 54. h5 b4 55. g6 hxg6 56. hxg6 b3 57. g7 Rxg7 58. Kxd4 Kb4 59. Kxe3 b2 60. Rc6 Rb7 0-1

[Event "Early-Titled-Tuesday-Blitz-October-17-2023"]
[Site "Chess.com"]
[Date "2023.10.17"]
[Round "4"]
[White "Tobias_Koelle"]
[Black "SAInt_666"]
[Result "1-0"]
[WhiteElo "2964"]
[BlackElo "2771"]
[TimeControl "180+1"]
[EndTime "8:42:12 PDT"]
[Termination "Tobias_Koelle won by resignation"]

1. d4 Nf6 2. Nc3 d5 3. Bf4 a6 4. e3 b5 5. h4 e6 6. g4 c5 7. g5 Nfd7 8. Nf3 Nc6 9. Ne2 Bb7 10. Bh3 Nb6 11. Kf1 Bd6 12. Kg2 cxd4 13. Nexd4 O-O 14. h5 e5 15. Nxc6 Bxc6 16. h6 g6 17. Bg3 f6 18.
Kh2 e4 19. Nd4 Bxg3+ 20. fxg3 Bd7 21. Ne6 Bxe6 22. Bxe6+ Kh8 23. Qd4 Nc4 24. Rhf1 Qb6 25. Rxf6 Qxd4 26. exd4 Rxf6 27. gxf6 Rf8 28. f7 e3 29.
Bxd5 Nd6 30. Re1 Nf5 31. Be6 Nxh6 32. Rxe3 Rxf7 33. Bxf7 Ng4+ 34. Kg1 Nxe3 35. c3 Nd1 36. c4 bxc4 37. Bxc4 a5 38. b3 Nc3 39. a4 Na2 40. Kf2 Kg7 41. Ke3 Kf6 42. Ke4 Nb4 43. d5 Ke7 44.
Ke5 g5 45. d6+ Kd7 46. Bb5+ Kd8 47. Kf5 h6 48. Kg6 Nc2 49. Kxh6 g4 50. Kg5 Ne3 51.
Kf4 Nd5+ 52. Kxg4 Nb6 53. Kf5 Nc8 54. Ke6 Nb6 55. g4 Nd7 56. g5 Nc5+ 57. Kd5 1-0